 Dungeon Crawl Stone Soup version 0.28.0-53-g5a82cb258f (webtiles) character file.

Game seed: 4192201354498914946

84 unlimited1921 the Magician (level 4, -9/31 HPs)
             Began as a Djinni Fire Elementalist on Aug 12, 2022.
             Killed by divine providence
             ... invoked by an orc priest
              (17 damage)
             ... on level 2 of the Dungeon.
             The game lasted 00:07:19 (4862 turns).

unlimited1921 the Magician (DjFE)                   Turns: 4862, Time: 00:07:20

Health: -9/31      AC:  4    Str:  7    XL:     4   Next: 74%
Gold:   98         EV: 12    Int: 18    God:
                   SH:  0    Dex: 14

rFire   + + .      SeeInvis .   l - +0 dagger
rCold   x . .      Faith    .   (no shield)
rNeg    . . .      Spirit   .   s - +0 leather armour
rPois   ∞          Reflect  .   t - +0 helmet
rElec   .          Harm     .   (no cloak)
rCorr   .          Rampage  .   (no gloves)
Will    .....                   (boots unavailable)
Stlth   ++........              (no amulet)
HPRegen 0.10/turn               (no ring)
MPRegen 0.00/turn               (no ring)

@: flying
A: sickness immunity, fire resistance 2, cold vulnerability 1, float, innate
caster, HP casting, extra vitality 1
a: no special abilities


You were on level 2 of the Dungeon.
You visited 1 branch of the dungeon, and saw 2 of its levels.

You collected 98 gold pieces.

Inventory:

Hand Weapons
 l - a +0 dagger (weapon)
Missiles
 e - 41 stones
 f - 4 poisoned darts
 n - 5 boomerangs
Armour
 a - a +0 robe
 r - a +0 chain mail
 s - a +0 leather armour (worn)
 t - a +0 helmet (worn)
Scrolls
 d - a scroll of magic mapping {unknown}
 h - a scroll of blinking {unknown}
 i - a scroll of enchant weapon {unknown}
 j - a scroll of immolation {unknown}
 k - 2 scrolls of amnesia {unknown}
 m - a scroll of teleportation {unknown}
Potions
 b - a potion of heal wounds {unknown}
 c - 2 potions of resistance {unknown}
 g - 2 potions of brilliance {unknown}
 o - a potion of flight {unknown}
 p - a potion of curing {unknown}
 q - a potion of invisibility {unknown}


   Skills:
 + Level 2.6 Dodging
 + Level 1.8 Stealth
 + Level 3.7 Spellcasting


You couldn't memorise any spells.
You knew the following spells:

 Your Spells              Type           Power      Damage    Failure   Level
a - Foxfire               Conj/Fire      64%        2x1d7     4%          1
b - Scorch                Fire           32%        2d7       8%          2
c - Conjure Flame         Conj/Fire      16%        6-21      14%         3
d - Inner Flame           Hex/Fire       16%        N/A       14%         3
e - Flame Wave            Conj/Fire      16%        2d6       43%         4
f - Freeze                Ice            64%        1d8       4%          1
Your spell library was empty.

Dungeon Overview and Level Annotations

Branches:
Dungeon (2/15)

Altars:


Innate Abilities, Weirdness & Mutations

You are immune to sickness and miasma.
You are immune to poison.
Your flesh is very heat resistant. (rF++)
You are vulnerable to cold. (rC-)
You float through the air rather than walking.
You learn spells naturally, not from books.
Your magical power is your life essence.
You have superior vitality. (+4 MHP)


Message History

The foxfire hits the orc priest.
The orc priest is heavily wounded.
Your foxfire dissipates!
The foxfire hits the orc priest but does no damage.
The orc priest is heavily wounded.
Casting: Foxfire (safe; 4% risk of failure)
Confirm with . or Enter, or press ? or * to list all spells.
You conjure some foxfire!
The foxfire hits the orc.
The orc is almost dead.
An orc comes into view. It is wielding a +0 club.
Casting: Foxfire (safe; 4% risk of failure)
Confirm with . or Enter, or press ? or * to list all spells.
You conjure some foxfire!
A goblin comes into view. It is wielding a +0 club.
Your foxfire dissipates!
The foxfire hits the orc!
You kill the orc!
The foxfire hits the orc!
You kill the orc!
Casting: Foxfire (safe; 4% risk of failure)
Confirm with . or Enter, or press ? or * to list all spells.
You conjure some foxfire!
* * * LOW HITPOINT WARNING * * *
The foxfire hits the orc.
The orc is almost dead.
Your foxfire dissipates!
Casting: Foxfire (safe; 4% risk of failure)
Confirm with . or Enter, or press ? or * to list all spells.
You conjure some foxfire!
* * * LOW HITPOINT WARNING * * *
Casting: Foxfire (safe; 4% risk of failure)
Confirm with . or Enter, or press ? or * to list all spells.
You conjure some foxfire!
* * * LOW HITPOINT WARNING * * *
The foxfire hits the orc!
You kill the orc!
The orc priest calls down the wrath of Beogh upon you.
Beogh smites you!
Ouch! That really hurt!
You die...

..###.............
#.# ######...#####
#.# #...# #.#
#<..# #.# #...#
#.# #...# #.#
##.## ######.#.
..#
##.####§v.ogo..
### #....§v@#
#.....vv§§v#
#......§###.#
#....##.#
#..#.##.#
#....##.#
.........#
.##.####.#


You could see 2 orc priests and a goblin.

Vanquished Creatures
  Robin (D:2)
  5 dart slugs (D:1)
  3 orcs (D:2)
  3 endoplasms (D:1)
  4 giant cockroaches
  7 goblins
  9 hobgoblins
  4 jackals (D:1)
  2 kobolds (D:1)
  3 quokkas (D:1)
  6 ball pythons
  5 bats
  A frilled lizard (D:2)
  2 rats (D:1)
55 creatures vanquished.

Vanquished Creatures (others)
  168 foxfires
168 creatures vanquished.

Grand Total: 223 creatures vanquished

Notes
Turn   | Place    | Note
-------+----------+-------------------------------------------
     0 | D:1      | unlimited1921 the Djinni Fire Elementalist began the quest
                  | for the Orb.
     0 | D:1      | Reached XP level 1. HP: 15/15 MP: 0/0
   763 | D:1      | Reached XP level 2. HP: 18/21 MP: 0/0
  1930 | D:1      | Reached skill level 3 in Spellcasting
  1940 | D:1      | Reached XP level 3. HP: 14/25 MP: 0/0
  1940 | D:1      | Learned a level 1 spell: Freeze
  3656 | D:1      | Found a faded altar of an unknown god.
  3860 | D:2      | Reached XP level 4. HP: 27/31 MP: 0/0
  4356 | D:2      | Noticed Robin
  4363 | D:2      | Killed Robin
  4862 | D:2      | Killed from afar by an orc priest

Illustrated notes

Levels and vault maps discovered:
D:1:      enne_arrival_octagon_isle, layout_basic,
          ebering_ecumenical_altar_sacrificial, grunt_decor_mini_mirrors,
          minmay_tiny_reverse_x
D:2:      minmay_spotlight, layout_loops_cross, uniq_robin

Skill      XL: |  1  2 |
---------------+-------+-----
Spellcasting   | 3 |  3.7
Dodging        | |  2.6
Stealth        | |  1.8

Action                   |  1- 3 |  4- 6 || total
-------------------------+-------+-------++-------
 Cast: Foxfire           |    73 |    33 ||   106
       Scorch            |    16 |     5 ||    21
Armor: Robe              |     6 |       ||     6
       Leather armour    |       |     1 ||     1
Dodge: Dodged            |    10 |     1 ||    11
